 Dungeon Crawl Stone Soup version 0.22.1-2-g9c5b331 (webtiles) character file.

28544 nightchill the Basher (level 13, -4/87 HPs)
             Began as a Gargoyle Fighter on Dec 12, 2018.
             Was a High Priest of Okawaru.
             Killed from afar by a rime drake (22 damage)
             ... with an exploding inner flame
             ... hexed by the player character
             ... on level 3 of the Lair of Beasts.
             The game lasted 01:02:53 (17571 turns).

nightchill the Basher (Gargoyle Fighter)           Turns: 17571, Time: 01:02:55

Health: -4/87      AC: 23    Str: 21    XL:     13   Next: 39%
Magic:  12/18      EV: 13    Int: 13    God:    Okawaru [*****.]
Gold:   716        SH: 16    Dex:  9    Spells: 8/12 levels left

rFire    + . .     SeeInvis .   a - +1 flail (protect)
rCold    . . .     Gourm    .   c - +0 shield
rNeg     + . .     Faith    .   y - +2 ring mail {MR+}
rPois    ∞         Spirit   .   p - +1 helmet
rElec    +         Reflect  +   J - +0 cloak {rPois}
rCorr    .         Harm     .   (no gloves)
MR       ++...                  (no boots)
Stlth    ++........             K - +3 amulet of reflection
HPRegen  0.24/turn              o - ring of protection from fire (curse)
MPRegen  0.16/turn              M - ring of protection from magic

@: heroism, finesse
A: negative energy resistance 1, electricity resistance, unbreathing,
petrification resistance, rot immunity, AC +9
a: Heroism, Finesse, Renounce Religion


You were on level 3 of the Lair of Beasts.
You worshipped Okawaru.
Okawaru was extremely pleased with you.
You were not hungry.

You visited 3 branches of the dungeon, and saw 14 of its levels.

You collected 716 gold pieces.

Inventory:

Hand Weapons
 a - a +1 flail of protection (weapon)
 j - a +0 hunting sling
 v - a +0 morningstar
Missiles
 m - 462 stones (quivered)
 H - 9 needles of sleeping
 N - 6 tomahawks
Armour
 c - a +0 shield (worn)
 l - a +0 scale mail of fire resistance
 p - a +1 helmet (worn)
 s - a +1 helmet
 y - a +2 ring mail of magic resistance (worn)
 J - a +0 cloak of poison resistance (worn)
Magical Staves
 k - an uncursed staff of cold
Jewellery
 o - a cursed ring of protection from fire (left hand)
 t - an uncursed ring of wizardry
 B - an uncursed ring of positive energy
 K - a +3 amulet of reflection (around neck)
 M - a ring of protection from magic (right hand)
 P - an uncursed ring of resist corrosion
 R - a cursed ring of teleportation {unknown}
Wands
 g - a wand of iceblast (10)
 u - a wand of flame (58)
 D - a wand of random effects (28)
 G - a wand of scattershot (4)
 S - a wand of disintegration (13)
Scrolls
 e - 2 scrolls of immolation
 n - 11 scrolls of teleportation
 C - 10 scrolls of remove curse
 E - 2 scrolls of fear
 F - 4 scrolls of enchant armour
 L - 2 scrolls of summoning
 O - a scroll of enchant weapon
Potions
 b - a potion of invisibility {unknown}
 d - 6 potions of might
 h - 5 potions of degeneration {unknown}
 i - 5 potions of magic
 q - 5 potions of brilliance
 w - 3 potions of lignification {unknown}
 x - 3 potions of haste
 z - 6 potions of curing {unknown}
 A - 2 potions of flight {unknown}
 I - 2 potions of ambrosia {unknown}
 Q - a potion of heal wounds
Comestibles
 f - 27 rations
 r - 2 chunks of flesh


   Skills:
 + Level 12.9(17.9) Fighting
 + Level 14.3(19.3) Maces & Flails
 - Level 7.0(12.0) Armour
 + Level 9.0(14.0) Shields
 + Level 3.2 Conjurations
 + Level 3.0 Fire Magic
 - Level 7.0 Invocations


You had 8 spell levels left.
You knew the following spells:

 Your Spells              Type           Power        Failure   Level  Hunger
a - Sticky Flame          Conj/Fire      #.......     80%         4    #####..

Your spell library contained the following spells:

 Spells                   Type           Power        Failure   Level  Hunger
 Flame Tongue             Conj/Fire      #....        14%         1    ##.....
 Magic Dart               Conj           #...         14%         1    ##.....
 Searing Ray              Conj           #.....       21%         2    ###....
 Throw Flame              Conj/Fire      #.....       22%         2    ###....
 Shock                    Conj/Air       #...         26%         1    ##.....
 Throw Frost              Conj/Ice       #.....       36%         2    ###....
 Conjure Flame            Conj/Fire      #.......     38%         3    ####...
 Animate Skeleton         Necr           N/A          45%         1    ##.....
 Beastly Appendage        Tmut           #.....       45%         1    ##.....
 Freeze                   Ice            #...         45%         1    ##.....
 Pain                     Necr           #...         45%         1    ##.....
 Poisonous Vapours        Pois/Air       #.....       58%         2    ###....
 Sticks to Snakes         Tmut           #.......     58%         2    ###....
 Swiftness                Chrm/Air       #.......     58%         2    ###....
 Dazzling Spray           Conj/Hex       #.....       61%         3    ####...
 Static Discharge         Conj/Air       #.......     61%         3    ####...
 Inner Flame              Hex/Fire       #.......     63%         3    ####...
 Mephitic Cloud           Conj/Pois/Air  #.......     69%         3    ####...
 Iskenderun's Mystic Bla  Conj           #.......     80%         4    #####..
 Ozocubu's Armour         Chrm/Ice       #.......     83%         3    ####...
 Regeneration             Chrm/Necr      #.........   83%         3    ####...
 Spider Form              Tmut/Pois      #.........   83%         3    ####...
 Vampiric Draining        Necr           #.........   83%         3    ####...
 Force Lance              Conj/Tloc      #.......     95%         4    #####..
 Fulminant Prism          Conj/Hex       #.........   95%         4    #####..
 Throw Icicle             Conj/Ice       #.......     95%         4    #####..
 Fireball                 Conj/Fire      #.........   98%         5    ######.
 Airstrike                Air            #.........   99%         4    #####..
 Animate Dead             Necr           N/A          99%         4    #####..
 Ice Form                 Ice/Tmut       #.......     99%         4    #####..
 Summon Ice Beast         Ice/Summ       #.......     99%         4    #####..
 Bolt of Magma            Conj/Fire/Erth #.........   99%         5    ######.
 Blade Hands              Tmut           #.........   100%        5    ######.
 Iskenderun's Battlesphe  Conj/Chrm      #.......     100%        5    ######.
 Lightning Bolt           Conj/Air       #.........   100%        5    ######.
 Venom Bolt               Conj/Pois      #.........   100%        5    ######.
 Freezing Cloud           Conj/Ice/Air   #.........   100%        6    #######
 Iron Shot                Conj/Erth      #.........   100%        6    #######
 Orb of Destruction       Conj           #.........   100%        7    #######
 Ring of Flames           Chrm/Fire      #.........   100%        7    #######
 Spellforged Servitor     Conj/Summ      #.........   100%        7    #######


Dungeon Overview and Level Annotations

Branches:
Dungeon (10/15)            Temple (1/1) D:7            Lair (3/6) D:9
 Shoals (0/4) Lair:2       Spider (0/4) Lair:2          Orc (0/2) D:9

Altars:
Ashenzari
Dithmenos
Elyvilon
Fedhas
Gozag
Hepliaklqana
Kikubaaqudgha
Nemelex Xobeh
Okawaru
Qazlal
Sif Muna
Trog
Uskayaw
Vehumet
Wu Jian
Xom
Yredelemnul
Zin

Shops:
D:8 *   D:9 ?

Portals:
Trove: D:10 (lose all piety)

Annotations:
Lair:2 1 runed door, strongu's ghost, journeyman OpGl


Innate Abilities, Weirdness & Mutations

You are resistant to torment.
Your stone body is resilient. (AC +9)
You are immune to poison.
You resist negative energy. (rN+)
You are resistant to electric shocks. (rElec)
You can survive without breathing.
You are immune to petrification.
You are immune to rotting.


Message History

The fiery explosion engulfs the rime drake.
The rime drake explodes!
The fiery explosion engulfs the steam dragon.
The steam dragon explodes!
The fiery explosion engulfs the steam dragon.
The steam dragon explodes!
Okawaru accepts your kill.
You can now speed up your combat.
Okawaru will gift you equipment as you gain piety.
Your Conjurations skill increases to level 3!
The fiery explosion engulfs the steam dragon.
The steam dragon explodes!
Okawaru accepts your kill. x2
Your base Shields skill increases to level 9!
Okawaru accepts your kill. The fiery explosion engulfs you! You resist.
* * * LOW HITPOINT WARNING * * *
Okawaru accepts your kill. x2
Your Fire Magic skill increases to level 3!
The fiery explosion engulfs you! You resist.
You die...

#........# ##.......
.......... ......≈#
.........## #P.....#
..........# P.§§§.#
.##......#####.§§§#
.##.....#.P##§§.§#
...........##§§§§#
.#......#...##§§§####.P#
###.....#.....§§@P......
# #.#...#..####.........
#..#...#.....#.........#
#......##)..............
##.#.#.#.#....#.%#...P.#
#......##..###.P##...##
#.....###...##.## ....#
#.#P.## #...##. ..###
#.#### ...##


There were no monsters in sight!

Vanquished Creatures
  Fannar (Lair:2)
  2 hydras
  A two-headed ogre (D:8)
  3 death yaks (D:9)
  The ghost of poxu the Archer, a novice CeHu of Okawaru (D:10)
  A queen ant (Lair:2)
  The ghost of smtktc the Devastator, a novice DECj of Sif Muna (D:8)
  A wolf spider (Lair:2)
  An ugly thing (D:10)
  Maurice (D:8)
  2 spiny frogs (Lair:3)
  A gargoyle (D:10)
  2 komodo dragons
  6 rime drakes (Lair:3)
  2 trolls
  2 hornets (D:10)
  16 blink frogs
  A hippogriff (D:8)
  Eustachio (D:6)
  10 yaks
  2 wyverns
  2 hungry ghosts
  4 steam dragons (Lair:3)
  Menkaure (D:4)
  9 soldier ants (Lair:2)
  16 water moccasins
  3 ice beasts
  3 porcupines
  3 sky beasts
  7 orc warriors
  3 phantoms
  A black bear (D:7)
  7 ogres
  8 centaurs
  15 wolves
  5 crocodiles
  The ghost of buskinjo the Slasher, an amateur OpGl (D:3)
  4 big kobolds
  8 bullfrogs
  2 gnoll sergeants
  5 scorpions
  8 wights
  6 electric eels
  A centaur zombie (D:8)
  2 crimson imps
  A bullfrog zombie (D:8)
  A quasit (D:7)
  2 jellies
  6 orc priests
  2 bullfrog skeletons (D:8)
  4 hounds
  16 orc wizards
  A centaur skeleton (D:10)
  Ijyb (D:4)
  3 iguanas
  A hell rat (D:9)
  30 worker ants
  A hound zombie (D:5)
  A hound skeleton (D:6)
  30 adders
  8 gnolls
  3 river rats (D:9)
  A shadow imp (D:5)
  3 adder zombies
  2 adder skeletons
  3 worms
  5 dart slugs
  4 leopard geckos
  35 orcs
  2 ball pythons
  A giant cockroach (D:2)
  5 goblins
  6 hobgoblins
  11 jackals
  6 quokkas
  8 bats
  A frilled lizard (D:2)
  16 kobolds
  2 quokka zombies
  10 rats
  A plant (D:7)
415 creatures vanquished.

Vanquished Creatures (others)
  5 fungi
5 creatures vanquished.

Grand Total: 420 creatures vanquished

Notes
Turn   | Place    | Note
-------+----------+-------------------------------------------
     0 | D:1      | nightchill the Gargoyle Fighter began the quest for the
                  | Orb.
     0 | D:1      | Reached XP level 1. HP: 14/14 MP: 1/1
   184 | D:1      | Reached XP level 2. HP: 11/19 MP: 2/2
   449 | D:1      | Reached skill level 3 in Maces & Flails
   520 | D:1      | Reached XP level 3. HP: 24/24 MP: 3/3
  1073 | D:2      | Reached XP level 4. HP: 26/29 MP: 4/4
  1389 | D:2      | Reached skill level 4 in Maces & Flails
  1557 | D:2      | You fall through a shaft!
  1557 | D:3      | Found a runed door.
  1557 | D:3      | Noticed buskinjo's ghost (amateur OpGl)
  1557 | D:3      | Noticed a water moccasin
  2061 | D:3      | Reached XP level 5. HP: 31/34 MP: 5/5
  2823 | D:4      | Noticed Menkaure
  2830 | D:4      | Killed Menkaure
  2830 | D:4      | Reached skill level 5 in Fighting
  2830 | D:4      | Reached skill level 5 in Maces & Flails
  2830 | D:4      | Reached XP level 6. HP: 32/40 MP: 6/6
  3822 | D:4      | Reached skill level 6 in Maces & Flails
  3822 | D:4      | Reached XP level 7. HP: 44/44 MP: 7/7
  3834 | D:4      | Noticed Ijyb
  3847 | D:4      | Killed Ijyb
  4426 | D:5      | Entered Level 5 of the Dungeon
  4627 | D:5      | Reached skill level 7 in Maces & Flails
  5015 | D:5      | Reached XP level 8. HP: 49/52 MP: 8/8
  5742 | D:6      | Reached skill level 8 in Maces & Flails
  5785 | D:6      | Found a blossoming altar of Fedhas.
  5839 | D:7      | Paralysed by fainting for 11 turns
  6294 | D:7      | Reached skill level 9 in Maces & Flails
  6553 | D:7      | Reached XP level 9. HP: 58/58 MP: 9/9
  7248 | D:7      | Found a staircase to the Ecumenical Temple.
  7257 | Temple   | Entered the Ecumenical Temple
  7333 | Temple   | Became a worshipper of Warmaster Okawaru
  7459 | D:6      | Noticed Eustachio
  7470 | D:5      | Reached skill level 10 in Maces & Flails
  8160 | D:6      | Reached skill level 1 in Invocations
  8228 | D:6      | Reached * piety under Okawaru
  8369 | D:8      | Reached skill level 11 in Maces & Flails
  8393 | D:7      | Reached XP level 10. HP: 50/66 MP: 10/12
  8532 | D:8      | Found Kewkaiju's Assorted Antiques.
  8712 | D:7      | Reached ** piety under Okawaru
  9066 | D:8      | Noticed a two-headed ogre
  9589 | D:8      | Killed a two-headed ogre
  9589 | D:8      | Reached *** piety under Okawaru
  9589 | D:8      | Reached skill level 10 in Fighting
  9589 | D:8      | Reached skill level 12 in Maces & Flails
  9589 | D:8      | Reached skill level 5 in Invocations
  9806 | D:8      | Noticed Maurice
  9829 | D:8      | Killed Maurice
  9865 | D:8      | Found a runed door.
  9865 | D:8      | Noticed smtktc's ghost (novice DECj)
  9915 | D:8      | Killed smtktc's ghost
  9915 | D:8      | Reached XP level 11. HP: 72/72 MP: 11/15
 10019 | D:6      | Killed Eustachio
 10186 | D:3      | Killed buskinjo's ghost
 10675 | D:9      | Found Bogufitzic's Magic Scroll Shoppe.
 10718 | D:9      | Noticed a death yak
 10723 | D:9      | Noticed a death yak
 11106 | D:9      | Noticed a death yak
 11553 | D:9      | Killed a death yak
 11553 | D:9      | Reached **** piety under Okawaru
 11570 | D:9      | Killed a death yak
 12025 | D:9      | Found a staircase to the Orcish Mines.
 12157 | D:9      | Found a staircase to the Lair.
 12238 | D:9      | Killed a death yak
 12238 | D:9      | Reached skill level 13 in Maces & Flails
 12361 | D:10     | Entered Level 10 of the Dungeon
 12382 | D:10     | Found a portal to a secret trove of treasure.
 12424 | D:10     | Reached skill level 5 in Shields
 12584 | D:10     | Learned a level 4 spell: Sticky Flame
 12686 | D:10     | Found a transporter.
 12688 | D:10     | Found a transporter.
 12688 | D:10     | Noticed poxu's ghost (novice CeHu)
 12742 | D:10     | Reached ***** piety under Okawaru
 12793 | D:10     | Killed poxu's ghost
 12793 | D:10     | Reached skill level 1 in Conjurations
 12793 | D:10     | Reached skill level 1 in Fire Magic
 12865 | D:10     | Noticed a cyan ugly thing
 12877 | D:10     | Killed a cyan ugly thing
 13345 | D:10     | Reached XP level 12. HP: 68/80 MP: 17/17
 13487 | D:10     | Received a gift from Okawaru
 13490 | D:10     | Got a crude scale mail {god gift}
 13509 | D:10     | Identified the +3 scale mail "Mygiy" {MR+ MP+9 Str+4}
                  | (Okawaru gifted it to you on level 10 of the Dungeon)
 13686 | Lair:1   | Entered Level 1 of the Lair of Beasts
 14946 | Lair:2   | Found a hole to the Spider Nest.
 15228 | Lair:2   | Found a runed door.
 15228 | Lair:2   | Found a shimmering altar of Xom.
 15228 | Lair:2   | Noticed strongu's ghost (journeyman OpGl)
 15269 | Lair:2   | Found a staircase to the Shoals.
 15383 | Lair:2   | Noticed Fannar
 15419 | Lair:2   | Killed Fannar
 15419 | Lair:2   | Reached skill level 5 in Armour
 15806 | Lair:2   | Noticed a seven-headed hydra
 15833 | Lair:2   | Killed a seven-headed hydra
 15949 | Lair:2   | Noticed a queen ant
 15981 | Lair:2   | Killed a queen ant
 15996 | Lair:2   | Reached skill level 14 in Maces & Flails
 16456 | Lair:2   | Received a gift from Okawaru
 16456 | Lair:2   | Reached XP level 13. HP: 79/87 MP: 15/18
 17571 | Lair:3   | Killed from afar by a rime drake

Skill      XL: |  1  2  3  4  5  6  7  8  9 10 11 12 13 |
---------------+----------------------------------------+-----
Maces & Flails | 3 4 5 6 7 9 11 12 13 14 | 14.3
Fighting       | 4 5 6 7 9 10 11 12 | 12.9
Invocations    | 2 5 7 |  7.0
Shields        | 5 8 9 |  9.0
Conjurations   | 2 3 |  3.2
Fire Magic     | 1 3 |  3.0
Armour         | 6 7 |  7.0

Action                   |  1- 3 |  4- 6 |  7- 9 | 10-12 | 13-15 || total
-------------------------+-------+-------+-------+-------+-------++-------
Melee: Flail             |   117 |   213 |   494 |  1179 |   216 ||  2219
Invok: Heroism           |       |       |       |    25 |     6 ||    31
       Finesse           |       |       |       |     3 |     2 ||     5
Evoke: Wand              |       |     6 |    18 |     7 |     1 ||    32
       Phantom mirror    |       |       |       |     1 |       ||     1
  Use: Scroll            |       |     5 |     9 |     8 |     2 ||    24
       Potion            |       |     1 |     3 |     4 |       ||     8
  Eat: Chunk             |     1 |     9 |    18 |    27 |     4 ||    59
       Ration            |       |       |     1 |     1 |       ||     2
Armor: Scale mail        |    68 |    92 |     5 |       |       ||   165
       Ring mail         |       |       |   244 |   497 |    85 ||   826
       Plate armour      |       |       |     4 |       |       ||     4
Dodge: Dodged            |    43 |    38 |    86 |   261 |    68 ||   496
Block: Shield            |    71 |    33 |       |   334 |   174 ||   612
       Large shield      |       |   121 |   304 |   389 |       ||   814
       Reflection        |       |       |       |       |     1 ||     1
